 Dungeon Crawl Stone Soup version 0.23.2-1-ga50397a (webtiles) character file.

Game seed: 2624843669151940168

4814 xveg the Whirler (level 10, -9/73 HPs)
             Began as a Halfling Hunter on May 9, 2019.
             Was an Initiate of Fedhas.
             Mangled by a three-headed hydra (13 damage)
             ... on level 8 of the Dungeon.
             The game lasted 00:11:16 (5384 turns).

xveg the Whirler (Halfling Hunter)                  Turns: 5384, Time: 00:11:16

Health: -9/73      AC: 12    Str: 16    XL:     10   Next: 77%
Magic:  19/19      EV: 14    Int:  9    God:    Fedhas [......]
Gold:   450        SH:  0    Dex: 16    Spells: 9/9 levels left

rFire    + . .     SeeInvis .   s - +8 hunting sling (velocity)
rCold    . . .     Gourm    .   (shield restricted)
rNeg     . . .     Faith    .   l - +4 ring mail {rF+}
rPois    .         Spirit   .   (no helmet)
rElec    .         Reflect  .   A - +0 cloak
rCorr    .         Harm     .   (no gloves)
MR       .....                  q - +0 pair of boots
Stlth    ++........             r - amulet of rage
HPRegen  0.22/turn              o - ring of magical power
MPRegen  0.16/turn              (no ring)

@: hasted, very quick
A: small, mutation resistance 1
a: Fungal Bloom, Renounce Religion, Evoke Berserk Rage


You were on level 8 of the Dungeon.
You worshipped Fedhas.
Fedhas was noncommittal.
You were not hungry.

You visited 2 branches of the dungeon, and saw 9 of its levels.

You collected 450 gold pieces.

Inventory:

Hand Weapons
 a - a +1 hunting sling
 b - a +0 short sword
 s - a +8 hunting sling of velocity (weapon)
Missiles
 d - 89 sling bullets
 h - 229 stones (quivered)
Armour
 c - a +0 leather armour
 l - a +4 ring mail of fire resistance (worn)
 q - a +0 pair of boots (worn)
 u - the +1 robe of Fedhas's Whim {rPois}
   (You found it on level 4 of the Dungeon)

   It protects you from poison.
 A - a +0 cloak (worn)
Jewellery
 g - an uncursed amulet of the gourmand
 o - a ring of magical power (left hand)
 r - an amulet of rage (around neck)
Wands
 m - a wand of polymorph (18)
 B - a wand of iceblast (9)
 C - a wand of digging (2)
Scrolls
 e - 3 scrolls of teleportation
 n - a scroll of fear {unknown}
 p - 5 scrolls of remove curse
 t - 2 scrolls of fog {unknown}
 v - 4 scrolls of identify
 y - a scroll of amnesia {unknown}
 D - a scroll of magic mapping {unknown}
Potions
 i - 2 potions of flight {unknown}
 j - a potion of curing {unknown}
 k - 2 potions of magic
 w - a potion of cancellation {unknown}
 x - a potion of haste
 z - a potion of degeneration {unknown}
 F - a potion of might {unknown}
Comestibles
 f - 13 rations


   Skills:
 + Level 8.5 Fighting
 + Level 15.2 Slings
 + Level 5.0 Armour
 + Level 3.0 Dodging
 + Level 3.0 Stealth


You had 9 spell levels left.
You didn't know any spells.
Your spell library contained the following spells:

 Spells                   Type           Power        Failure   Level  Hunger
 Flame Tongue             Conj/Fire      #....        58%         1    ##.....
 Freeze                   Ice            #...         58%         1    ##.....
 Throw Flame              Conj/Fire      #.....       73%         2    ###....
 Throw Frost              Conj/Ice       #.....       73%         2    ###....
 Conjure Flame            Conj/Fire      #.......     91%         3    ####...
 Inner Flame              Hex/Fire       #.......     91%         3    ####...
 Ozocubu's Armour         Chrm/Ice       #.......     91%         3    ####...
 Sticky Flame             Conj/Fire      #.......     100%        4    #####..
 Summon Ice Beast         Ice/Summ       #.......     100%        4    #####..
 Throw Icicle             Conj/Ice       #.......     100%        4    #####..
 Fireball                 Conj/Fire      #.........   100%        5    ######.


Dungeon Overview and Level Annotations

Branches:
Dungeon (8/15)             Temple (1/1) D:6
   Lair: D:8-11

Altars:
Ashenzari
Cheibriados
Dithmenos
Elyvilon
Fedhas
Gozag
Hepliaklqana
Kikubaaqudgha
Makhleb
Nemelex Xobeh
Okawaru
Qazlal
Ru
Sif Muna
Trog
Uskayaw
Vehumet
Wu Jian
Xom
Yredelemnul
Zin
The Shining One

Shops:
D:5 :


Innate Abilities, Weirdness & Mutations

You are small and have problems with some larger weapons.
You are somewhat resistant to further mutation.


Message History

Firing (i - inventory. (/) - cycle)
h - 230 stones (quivered)
Press: ? - help, Shift-Dir - straight line, f/p - big kobold
Aim: a big kobold (almost dead)
You shoot a stone. The stone hits the three-headed hydra.
The three-headed hydra is almost dead.
The three-headed hydra bites you.
* * * LOW HITPOINT WARNING * * *
The three-headed hydra bites you!
* * * LOW HITPOINT WARNING * * *
The three-headed hydra bites you!
* * * LOW HITPOINT WARNING * * *
Okay, then.
Wield which item (- for none, * to show all)? (? for menu, Esc to quit)
Okay, then.
It was a potion of haste.
You feel yourself speed up. The three-headed hydra misses you.
The three-headed hydra bites you but does no damage.
The three-headed hydra bites you!
You die...
Fedhas appreciates your contribution to the ecosystem.

##########
#.)+.P≈PP# #.#
#K.#≈≈)≈P# #.#
#D##P≈P.≈# #.#
#@.#.....#### #.#
#..'....≈.††###.#
#..'.P...##.....#
#..'....≈##.....#
#..#.....##.....#
###########.....#
######....[#
#..........# #.
#......##..#


You could see a three-headed hydra and a big kobold.

Vanquished Creatures
  A hornet (D:8)
  Grinder (D:4)
  2 dream sheep (D:8)
  2 hippogriffs (D:7)
  Sigmund (D:2)
  2 yaks (D:8)
  Menkaure (D:6)
  Duvessa (D:4)
  2 ice beasts (D:6)
  A phantom (D:4)
  4 centaurs
  A necrophage (D:7)
  5 ogres
  A crocodile (D:7)
  3 big kobolds
  4 bullfrogs
  Dowan (D:4)
  5 scorpions
  5 wights (D:6)
  3 howler monkeys (D:7)
  5 crimson imps
  3 orc priests
  A hound (D:4)
  2 jellies (D:6)
  3 iron imps (D:7)
  2 orc wizards
  2 worker ants
  A howler monkey zombie (D:7)
  2 worker ant zombies (D:5)
  Robin (D:2)
  7 adders
  A river rat (D:5)
  A shadow imp (D:5)
  3 oozes
  5 worms
  An adder skeleton (D:5)
  4 dart slugs
  2 leopard geckos
  17 orcs
  5 bats
  5 giant cockroaches
  17 goblins
  12 hobgoblins
  5 jackals
  3 quokkas
  3 ball pythons
  5 frilled lizards
  11 kobolds
  A leopard gecko skeleton (D:7)
  A quokka skeleton (D:7)
  7 rats
184 creatures vanquished.

Notes
Turn   | Place    | Note
-------+----------+-------------------------------------------
     0 | D:1      | xveg the Halfling Hunter began the quest for the Orb.
     0 | D:1      | Reached XP level 1. HP: 14/14 MP: 1/1
    19 | D:1      | Reached skill level 6 in Slings
    74 | D:1      | Reached XP level 2. HP: 19/19 MP: 2/2
   499 | D:2      | Reached XP level 3. HP: 24/24 MP: 3/3
   499 | D:2      | Noticed Sigmund
   557 | D:2      | Killed Sigmund
   557 | D:2      | Reached skill level 8 in Slings
   557 | D:2      | Reached skill level 1 in Armour
   557 | D:2      | Reached XP level 4. HP: 16/30 MP: 4/4
   557 | D:2      | Reached XP level 5. HP: 18/35 MP: 5/5
   664 | D:2      | Found a shattered altar of Ashenzari.
   672 | D:2      | Reached XP level 6. HP: 36/41 MP: 6/6
   730 | D:2      | Noticed Robin
   767 | D:2      | Killed Robin
   767 | D:2      | Reached skill level 9 in Slings
  1045 | D:2      | Found a faded altar of an unknown god.
  1781 | D:3      | Found an opulent altar of Gozag.
  1999 | D:4      | Got an opalescent robe
  2000 | D:4      | Identified the +1 robe of Fedhas's Whim {rPois} (You found
                  | it on level 4 of the Dungeon)
  2247 | D:4      | Noticed a phantom
  2265 | D:4      | Reached XP level 7. HP: 46/46 MP: 7/7
  2267 | D:4      | Reached skill level 10 in Slings
  2279 | D:4      | Noticed Grinder
  2287 | D:4      | Killed Grinder
  2574 | D:4      | Noticed Duvessa
  2577 | D:4      | Reached skill level 11 in Slings
  2577 | D:4      | Reached XP level 8. HP: 54/54 MP: 8/8
  2579 | D:4      | Noticed Dowan
  2588 | D:4      | Killed Duvessa
  2594 | D:4      | Killed Dowan
  2670 | D:5      | Entered Level 5 of the Dungeon
  2959 | D:5      | Reached skill level 12 in Slings
  2978 | D:5      | Found Jifomn's Book Boutique.
  3653 | D:6      | Reached skill level 5 in Fighting
  3654 | D:6      | Reached XP level 9. HP: 61/61 MP: 9/9
  3658 | D:6      | Reached skill level 13 in Slings
  3802 | D:6      | Noticed Menkaure
  3807 | D:6      | Killed Menkaure
  4164 | D:6      | Found a staircase to the Ecumenical Temple.
  4215 | Temple   | Entered the Ecumenical Temple
  4308 | Temple   | Became a worshipper of Fedhas Madash
  4399 | D:7      | Reached skill level 14 in Slings
  4425 | D:7      | Reached XP level 10. HP: 69/69 MP: 10/10
  4603 | D:7      | Found a radiant altar of Vehumet.
  4606 | D:7      | Found a glowing golden altar of the Shining One.
  4790 | D:7      | Found an ornate altar of the Wu Jian Council.
  4863 | D:7      | Found a burning altar of Makhleb.
  5290 | D:8      | Reached skill level 15 in Slings
  5313 | D:8      | Reached skill level 5 in Armour
  5372 | D:8      | Noticed a three-headed hydra
  5384 | D:8      | Mangled by a three-headed hydra

Skill      XL: |  1  2  3  4  5  6  7  8  9 10 |
---------------+-------------------------------+-----
Slings         | 6 8 9 11 12 14 15 | 15.2
Fighting       | 2 3 4 5 6 8 |  8.5
Armour         | 1 2 4 5 |  5.0
Stealth        | 2 3 |  3.0
Dodging        | 3 |  3.0

Action                   |  1- 3 |  4- 6 |  7- 9 | 10-12 || total
-------------------------+-------+-------+-------+-------++-------
 Fire: Hunting sling     |    64 |   204 |   234 |   135 ||   637
Invok: Fungal Bloom      |       |       |       |     1 ||     1
  Use: Scroll            |       |     9 |     5 |       ||    14
       Potion            |       |       |       |     1 ||     1
  Eat: Chunk             |       |     8 |     2 |     2 ||    12
       Ration            |       |       |       |     1 ||     1
Armor: Ring mail         |     8 |    23 |    10 |    14 ||    55
Dodge: Dodged            |    27 |    48 |    18 |    19 ||   112
